 Dungeon Crawl Stone Soup version 0.23-a0-49-gd9f7a49 (console) character file.

2629 tminei the Grappler (level 9, -17/92 HPs)
             Began as a Troll Berserker on Aug 6, 2018.
             Was an Elder of Trog.
             Demolished by a two-headed ogre
             ... wielding a +0 giant club
              (18 damage)
             ... on level 10 of the Dungeon.
             The game lasted 00:33:54 (5759 turns).

tminei the Grappler (Troll Berserker)               Turns: 5759, Time: 00:33:55

Health: -17/92     AC:  7    Str: 28    XL:     9   Next: 35%
Magic:  0/8        EV: 12    Int:  4    God:    Trog [****..]
Gold:   405        SH:  0    Dex: 10    Spells: 8/8 levels left

rFire    . . .     SeeInvis +     - Unarmed
rCold    . . .     Gourm    +   (no shield)
rNeg     . . .     Faith    .   a - +0 animal skin
rPois    +         Spirit   +   (helmet restricted)
rElec    .         Reflect  .   y - +1 cloak {rPois}
rCorr    .         Harm     .   (gloves unavailable)
MR       +++..                  (boots unavailable)
Stlth    +.........             u - amulet of guardian spirit
HPRegen  1.65/turn              m - ring of protection from magic
MPRegen  0.11/turn              N - ring of see invisible

@: lethally poisoned (-17 -> -17), about to teleport, berserk cooldown,
regenerating, slowed, very slow
A: large, unfitting armour, claws 3, fast metabolism 3, gourmand, regeneration
1, shaggy fur 1, tough skin 2
a: Berserk, Trog's Hand, Brothers in Arms, Renounce Religion


You were on level 10 of the Dungeon.
You worshipped Trog.
Trog was greatly pleased with you.
You were very full.

You visited 1 branch of the dungeon, and saw 8 of its levels.
You also visited: Sewer.

You collected 405 gold pieces.

Inventory:

Hand Weapons
 e - a +0 blowgun
 C - a +2 spear of venom
 F - a +0 scythe of slicing
 M - a +2 flail of protection
 O - a +5 spear of piercing
 Q - a +0 hand crossbow
Missiles
 d - 121 arrows
 p - a curare-tipped needle
 s - 188 stones (quivered)
 v - 63 poisoned needles
 A - 69 sling bullets
 H - 2 throwing nets
 I - 65 bolts
 L - 6 javelins
Armour
 a - a +0 animal skin (worn)
 i - a +0 cloak
 l - a +0 robe
 y - a +1 cloak of poison resistance (worn)
 J - a +0 robe
 P - a +0 shield
Jewellery
 m - a ring of protection from magic (left claw)
 o - an uncursed ring of stealth
 u - an amulet of guardian spirit (around neck)
 N - a ring of see invisible (right claw)
Wands
 h - a wand of polymorph (20)
 D - a wand of digging (12)
 T - a wand of disintegration (21)
Scrolls
 f - 3 scrolls of remove curse
 j - 2 scrolls of fear {unknown}
 q - 3 scrolls of amnesia
 r - 3 scrolls of magic mapping {unknown}
 x - 2 scrolls of teleportation
 B - 3 scrolls of blinking
 K - 2 scrolls of random uselessness {unknown}
 S - a scroll of immolation {unknown}
Potions
 c - 8 potions of heal wounds
 g - a potion of magic {unknown}
 k - a potion of resistance {unknown}
 n - 2 potions of curing
 t - 2 potions of lignification {unknown}
 w - a potion of flight
 z - 2 potions of haste {unknown}
 E - 2 potions of brilliance {unknown}
Comestibles
 b - 9 rations


   Skills:
 + Level 6.5 Fighting
 + Level 6.6 Dodging
 - Level 0.1 Stealth
 + Level 8.1 Unarmed Combat


You had 8 spell levels left.
You didn't know any spells.
Your spell library was empty.

Dungeon Overview and Level Annotations

Branches:
Dungeon (7/15)             Temple (0/1) D:6

Altars:
Cheibriados
Elyvilon
Kikubaaqudgha
Makhleb
Qazlal
Sif Muna
Uskayaw
Wu Jian
Zin


Innate Abilities, Weirdness & Mutations

You are too large for most types of armour.
You have claws for hands.
Your metabolism is lightning-fast.
You like to eat raw meat.
Your natural rate of healing is unusually fast.
You are covered in fur. (AC +1)
You have very tough skin. (AC +2)


Message History

You feel strangely unstable.
You feel sick.
The killer bee stings you. x2; The hippogriff bites you!
* * * LOW HITPOINT WARNING * * *
The hippogriff pecks you.
* * * LOW HITPOINT WARNING * * *
The hippogriff claws you but does no damage.
The killer bee stings you.
* * * LOW HITPOINT WARNING * * *
You take 15 damage, and have 17/92 hp.
You now have 2/8 mp.
You completely miss the two-headed ogre.
The killer bee stings you but does no damage.
The hippogriff bites you!
* * * LOW HITPOINT WARNING * * *
The hippogriff pecks you!
* * * LOW HITPOINT WARNING * * *
The hippogriff claws you.
* * * LOW HITPOINT WARNING * * *
The killer bee closely misses you.
The two-headed ogre hits you with a giant club!!
You die...

..............
..........._.
............
...........
Ї..........
Ї..........
Ї.o.......
Їlo..Ї


ЇtYЇЇЇ ЇyHЇ Ї@.Ї ЇOЇЇ ..Ї Ї..Ї Ї..Ї Ї..Ї .... .... You could see a two-headed
ogre, a hippogriff, a yak, a basilisk, a crocodile, a killer bee and 2 orcs.

Vanquished Creatures
  Sigmund (D:4)
  Edmund (D:5)
  A water moccasin (D:6)
  Duvessa (D:5)
  2 ice beasts
  2 orc warriors
  4 ogres
  A centaur (D:7)
  Blork the orc (D:5)
  A bullfrog (D:6)
  2 big kobolds
  A gnoll sergeant (D:6)
  Dowan (D:5)
  A killer bee (D:10)
  A crimson imp (D:5)
  2 howler monkeys (D:6)
  A centaur zombie (D:6)
  2 bullfrog skeletons (D:6)
  5 hounds
  2 orc priests
  2 orc wizards
  3 iguanas
  3 worker ants
  10 adders
  3 gnolls (D:6)
  2 river rats (Sewer)
  2 shadow imps (D:5)
  2 oozes
  An adder skeleton (D:6)
  5 worms
  4 dart slugs
  4 leopard geckos
  17 orcs
  4 ball pythons
  6 giant cockroaches
  7 goblins
  3 hobgoblins
  7 jackals
  4 quokkas
  13 bats
  5 frilled lizards
  12 kobolds
  A quokka skeleton (D:6)
  13 rats
166 creatures vanquished.

Vanquished Creatures (others)
  An orc (D:5)
  A quokka (D:5)
2 creatures vanquished.

Grand Total: 168 creatures vanquished

Notes
Turn   | Place    | Note
-------+----------+-------------------------------------------
     0 | D:1      | tminei the Troll Berserker began the quest for the Orb.
     0 | D:1      | Reached XP level 1. HP: 22/22 MP: 0/0
   222 | D:1      | Reached XP level 2. HP: 27/29 MP: 1/1
  1021 | D:2      | Reached XP level 3. HP: 36/36 MP: 2/2
  1051 | D:2      | Reached ** piety under Trog
  1467 | D:2      | Found a stormy altar of Qazlal.
  1677 | D:3      | Reached skill level 3 in Dodging
  1677 | D:3      | Reached XP level 4. HP: 44/44 MP: 3/3
  1798 | D:3      | Reached skill level 3 in Fighting
  1798 | D:3      | Reached skill level 4 in Unarmed Combat
  1966 | D:3      | Found a hide-covered altar of Uskayaw.
  2141 | D:3      | Reached *** piety under Trog
  2237 | D:3      | Reached XP level 5. HP: 53/53 MP: 4/4
  2253 | D:3      | Found a glowing drain.
  2271 | Sewer    | Entered a sewer
  2392 | Sewer    | Found a white marble altar of Elyvilon.
  2767 | D:4      | Reached XP level 6. HP: 61/61 MP: 5/5
  2915 | D:4      | Noticed Sigmund
  2924 | D:4      | Killed Sigmund
  2924 | D:4      | Reached skill level 4 in Fighting
  2924 | D:4      | Reached skill level 4 in Dodging
  2924 | D:4      | Reached skill level 5 in Unarmed Combat
  2966 | D:4      | Found a burning altar of Makhleb.
  3250 | D:4      | Found a snail-covered altar of Cheibriados.
  3284 | D:4      | Found an ancient bone altar of Kikubaaqudgha.
  3471 | D:5      | Entered Level 5 of the Dungeon
  3497 | D:5      | Reached XP level 7. HP: 70/70 MP: 6/6
  3614 | D:5      | Noticed Edmund
  3634 | D:5      | Killed Edmund
  3676 | D:5      | Reached skill level 6 in Unarmed Combat
  3681 | D:5      | Found a white marble altar of Elyvilon.
  3721 | D:5      | Noticed Duvessa
  3722 | D:5      | Noticed Dowan
  3729 | D:5      | Killed Duvessa
  3729 | D:5      | Reached skill level 5 in Dodging
  3779 | D:5      | Found a glowing silver altar of Zin.
  3779 | D:5      | Noticed Blork the orc
  3791 | D:5      | Killed Blork the orc
  3791 | D:5      | Reached skill level 5 in Fighting
  3791 | D:5      | Reached XP level 8. HP: 69/80 MP: 7/7
  4087 | D:5      | Killed Dowan
  4158 | D:5      | Found a deep blue altar of Sif Muna.
  4168 | D:5      | Reached **** piety under Trog
  4522 | D:6      | Reached skill level 7 in Unarmed Combat
  4855 | D:6      | Reached skill level 6 in Fighting
  4855 | D:6      | Reached skill level 6 in Dodging
  5030 | D:6      | Found a staircase to the Ecumenical Temple.
  5132 | D:7      | Reached XP level 9. HP: 89/89 MP: 8/8
  5726 | D:7      | You fall through a shaft for 3 floors!
  5726 | D:10     | Entered Level 10 of the Dungeon
  5728 | D:10     | Found an ornate altar of the Wu Jian Council.
  5743 | D:10     | Reached skill level 8 in Unarmed Combat
  5754 | D:10     | Noticed a two-headed ogre
  5759 | D:10     | HP: 6/92 [hippogriff (7)]
  5759 | D:10     | HP: 1/92 [hippogriff (5)]
  5759 | D:10     | Demolished by a two-headed ogre

Vault maps used:
D:1:      ebering_trefoil_twist
D:2:      lemuel_coloured_pillars_altar
D:3:      overflow_temple_1_default, first_ration, portal_sewer_entry_e
D:4:      lemuel_doored_altar, cheibriados_altar_1, kennysheep_mini,
          interstate_on_off, uniq_sigmund
D:5:      old_standard_altar, elyvilon_altar_4, basic_altar, uniq_blork_the_orc,
          uniq_duvessa, uniq_edmund
D:6:      minmay_temple_entry_large_hall
D:7:      grunt_ministairs_15, uniq_menkaure
D:10:     david_lair_generic, basic_altar, special_room, uniq_grum
Sewer:    sewer_kobolds

Skill      XL: |  1  2  3  4  5  6  7  8  9 |
---------------+----------------------------+-----
Dodging        | 3 4 5 6 |  6.6
Fighting       | 3 4 5 6 |  6.5
Unarmed Combat | 4 5 6 7 8 |  8.1
Stealth        | |  0.1

Action                   |  1- 3 |  4- 6 |  7- 9 || total
-------------------------+-------+-------+-------++-------
Melee: Unarmed           |    99 |   127 |   271 ||   497
       Punch             |     2 |     1 |     5 ||     8
Invok: Berserk           |     1 |     2 |     4 ||     7
       Trog's Hand       |       |     2 |     6 ||     8
  Use: Scroll            |     4 |       |     6 ||    10
       Potion            |       |       |     1 ||     1
 Stab: Sleeping          |     3 |     8 |     8 ||    19
  Eat: Chunk             |    18 |    18 |    31 ||    67
Armor: Animal skin       |    50 |    25 |    87 ||   162
Dodge: Dodged            |    75 |    67 |   153 ||   295

Table legend:
 A = Spawn XP
 B = Non-spawn XP
 C = Spawn XP percentage of total XP
 D = Spawn monster count
 E = Non-spawn monster count
 F = Spawn count percentage of total count
 G = Total turns spent on level
                    A         B        C        D         E        F      G
               +---------+---------+-------+---------+---------+-------+---------
         Total |       0 |    3757 |   0.0 |       0 |     166 |   0.0 |  5759
               +---------+---------+-------+---------+---------+-------+---------
           D:1 |       0 |      39 |   0.0 |       0 |      22 |   0.0 |  1017
           D:2 |       0 |      54 |   0.0 |       0 |      18 |   0.0 |   626
           D:3 |       0 |     113 |   0.0 |       0 |      31 |   0.0 |   808
           D:4 |       0 |     361 |   0.0 |       0 |       7 |   0.0 |   793
           D:5 |       0 |    1142 |   0.0 |       0 |      25 |   0.0 |   893
           D:6 |       0 |     933 |   0.0 |       0 |      29 |   0.0 |   748
           D:7 |       0 |     699 |   0.0 |       0 |      17 |   0.0 |   614
          D:10 |       0 |     281 |   0.0 |       0 |       5 |   0.0 |    33
         Sewer |       0 |     135 |   0.0 |       0 |      12 |   0.0 |   227
               +---------+---------+-------+---------+---------+-------+---------
